 Dungeon Crawl Stone Soup version 0.24.0-13-gcf9b319 (webtiles) character file.

Game seed: 15571465270601991728, levelgen mode: deterministic

140 Fang the Skirmisher (level 5, -1/49 HPs)
             Began as a Gargoyle Berserker on Dec 4, 2019.
             Was a Believer of Trog.
             Slain by a white imp (3 damage)
             ... summoned by Natasha
             ... on level 2 of the Dungeon.
             The game lasted 00:02:17 (2130 turns).

Fang the Skirmisher (Gargoyle Berserker)            Turns: 2130, Time: 00:02:17

Health: -1/49      AC:  6    Str: 29    XL:     5   Next: 23%
Magic:  5/5        EV: 10    Int:  8    God:    Trog [**....]
Gold:   118        SH:  0    Dex:  9    Spells: 4/4 levels left

rFire    . . .     SeeInvis .   a - +0 hand axe
rCold    . . .     Gourm    .   (no shield)
rNeg     + . .     Faith    .   b - +0 animal skin
rPois    ∞         Spirit   .   (no helmet)
rElec    +         Reflect  .   (no cloak)
rCorr    .         Harm     .   (no gloves)
MR       .....                  (no boots)
Stlth    ..........             (no amulet)
HPRegen  0.16/turn              m - -2 ring of evasion (curse)
MPRegen  0.09/turn              d - +3 ring of strength

@: berserking, very quick
A: negative energy resistance 1, electricity resistance, unbreathing,
petrification resistance, rot immunity, AC +4
a: Berserk, Trog's Hand, Renounce Religion


You were on level 2 of the Dungeon.
You worshipped Trog.
Trog was pleased with you.
You were near starving.

You visited 1 branch of the dungeon, and saw 2 of its levels.

You collected 118 gold pieces.

Inventory:

Hand Weapons
 a - a +0 hand axe (weapon)
Armour
 b - a +0 animal skin (worn)
Jewellery
 d - a +3 ring of strength (right hand)
 m - a cursed -2 ring of evasion (left hand)
Scrolls
 e - a scroll of noise {unknown}
 g - a scroll of remove curse {unknown}
 j - a scroll of enchant armour {unknown}
 k - a scroll of identify {unknown}
Potions
 f - 4 potions of heal wounds {unknown}
 h - 2 potions of curing {unknown}
 i - a potion of degeneration {unknown}
 l - a potion of invisibility {unknown}
Comestibles
 c - 4 rations


   Skills:
 + Level 4.2 Fighting
 + Level 3.4 Axes
 + Level 3.4 Armour
 + Level 2.5 Dodging


You had 4 spell levels left.
You didn't know any spells.
Your spell library was empty.

Dungeon Overview and Level Annotations

Branches:
Dungeon (2/15)

Altars:
Sif Muna
Vehumet
Wu Jian

Annotations:
D:2 Natasha


Innate Abilities, Weirdness & Mutations

You are resistant to torment.
Your stone body is resilient. (AC +4)
You are immune to poison.
You resist negative energy. (rN+)
You are resistant to electric shocks. (rElec)
You can survive without breathing.
You are immune to petrification.
You are immune to rotting.


Message History

You are too injured to fight recklessly!
You are too injured to fight recklessly!
You are too injured to fight recklessly!
You are too injured to fight recklessly!
You are too injured to fight recklessly!
You are too injured to fight recklessly!
You are too injured to fight recklessly!
You are too injured to fight recklessly!
You are too injured to fight recklessly!
You are too injured to fight recklessly!
You are too injured to fight recklessly!
You are too injured to fight recklessly!
You are too injured to fight recklessly!
A red film seems to cover your vision as you go berserk!
You feel yourself moving faster!
You feel mighty!
You are near starving!
Natasha claws you!
* * * LOW HITPOINT WARNING * * *
The white imp hits you.
You die...

#..#.....####..######.######.
#..#.##### #....##.#.# #.##.
###....# #####.......# #.###
###...#### ##..:#.#(##..#
#.### #..>#.#
##........###.###.##. #.###.#
#...[...### #.##..##. ..##..#
#....[...# #.#..###) ###...#
#..555[..####[....#.. ##..###
##.h@..#..#.........# ...##
#...................# ####
#.........#####.##..# #
#.......#.### #######
##......#...## ##..<#####..#
#######..## #..# #####♣
#.<.....## #..# #...#♣ ##
#....#### ##.# #...).


You could see an iron imp, Natasha and 2 white imps.

Vanquished Creatures
  Crazy Yiuf (D:2)
  Natasha (twice) (D:2)
  An adder (D:2)
  A worm (D:2)
  A dart slug (D:1)
  6 bats
  4 giant cockroaches
  7 goblins
  7 hobgoblins
  2 jackals (D:1)
  11 kobolds
  A frilled lizard (D:2)
  10 rats
54 creatures vanquished.

Notes
Turn   | Place    | Note
-------+----------+-------------------------------------------
     0 | D:1      | Fang the Gargoyle Berserker began the quest for the Orb.
     0 | D:1      | Reached XP level 1. HP: 14/14 MP: 1/1
    92 | D:1      | Reached XP level 2. HP: 10/19 MP: 2/2
   629 | D:1      | Reached XP level 3. HP: 18/23 MP: 3/3
  1054 | D:2      | Found an ornate altar of the Wu Jian Council.
  1065 | D:2      | Found a radiant altar of Vehumet.
  1153 | D:2      | Reached ** piety under Trog
  1221 | D:2      | Reached XP level 4. HP: 14/29 MP: 4/4
  1280 | D:2      | Noticed Natasha
  1292 | D:2      | Killed Natasha
  1292 | D:2      | Reached skill level 4 in Fighting
  1423 | D:2      | Noticed Natasha
  1432 | D:2      | Killed Natasha
  1552 | D:2      | Found a shimmering blue altar of Sif Muna.
  1666 | D:2      | Reached XP level 5. HP: 31/33 MP: 5/5
  1730 | D:2      | Found a runed translucent door.
  1731 | D:2      | Noticed Crazy Yiuf
  1817 | D:2      | Killed Crazy Yiuf
  2123 | D:2      | Noticed Natasha
  2130 | D:2      | HP: 2/49 [Natasha (7)]
  2130 | D:2      | Slain by a white imp

Levels and vault maps discovered:
D:1:      saegor_arrival_simple_b, layout_basic, minmay_split_cup_large
D:2:      minmay_kobold_bridge, layout_rooms, lemuel_doored_altar,
          gammafunk_temple_overflow_pools, uniq_crazy_yiuf_cottage, uniq_natasha

Skill      XL: |  1  2  3  4 |
---------------+-------------+-----
Axes           | 3 |  3.4
Dodging        | 2 |  2.5
Armour         | 3 |  3.4
Fighting       | 4 |  4.2

Action                   |  1- 3 |  4- 6 || total
-------------------------+-------+-------++-------
Melee: Hand axe          |   134 |    46 ||   180
Invok: Berserk           |       |     3 ||     3
 Stab: Sleeping          |     1 |       ||     1
  Eat: Chunk             |     1 |     4 ||     5
Armor: Animal skin       |    51 |    21 ||    72
Dodge: Dodged            |    78 |    36 ||   114
